 Dungeon Crawl Stone Soup version 0.17-a0-2171-ga91b4ec (webtiles) character file.

94 radek the Conjurer (level 4, -2/24 HPs)
             Began as a Deep Elf Conjurer on Oct 25, 2015.
             Killed from afar by an orc wizard (8 damage)
             ... with a magic dart
             ... on level 3 of the Dungeon.
             The game lasted 00:09:21 (2430 turns).

radek the Conjurer (Deep Elf Conjurer)              Turns: 2430, Time: 00:09:21

Health: -2/24      AC:  2    Str:  6    XL:     4   Next: 38%
Magic:  2/10       EV: 13    Int: 20    God:
Gold:   12         SH:  0    Dex: 15    Spells: 1 memorised, 8 levels left

rFire  . . .     SeeInvis .     h - +1 dagger (drain)
rCold  . . .     Clarity  .     a - +0 robe
rNeg   + . .     SustAt   .     (no shield)
rPois  .         Gourm    .     (no helmet)
rElec  .         Spirit   .     (no cloak)
rCorr  .         Warding  .     (no gloves)
rMut   +         Stasis   .     (no boots)
MR     .....                    e - amulet of resist mutation
Stlth  ++........               (no ring)
                                j - ring of positive energy

@: slowed, very slow, not resistant to hostile enchantments, unstealthy
A: no striking features
a: no special abilities


You were on level 3 of the Dungeon.
You were not hungry.

You visited 1 branch of the dungeon, and saw 3 of its levels.

You collected 12 gold pieces.

Inventory:

Hand Weapons
 g - a cursed -3 short sword
 h - a +1 dagger of draining (weapon)
 p - a +0 falchion of slicing
Armour
 a - a +0 robe (worn)
Jewellery
 e - an amulet of resist mutation (around neck)
 j - a ring of positive energy (left hand)
 q - an uncursed ring of magical power {unknown}
Scrolls
 d - a scroll of immolation {unknown}
 i - a scroll of magic mapping {unknown}
 l - a scroll of remove curse {unknown}
 m - a scroll of enchant weapon {unknown}
 n - a scroll of enchant armour {unknown}
Potions
 o - a potion of curing {unknown}
 r - a potion of magic {unknown}
Books
 b - a book of Conjurations

   Spells                             Type                      Level
   a - Magic Dart                     Conjuration                  1
   b - Searing Ray                    Conjuration                  2
   c - Dazzling Spray                 Conjuration/Hexes            3
   d - Fulminant Prism                Conjuration/Hexes            4
   e - Iskenderun's Mystic Blast      Conjuration                  4
   f - Iskenderun's Battlesphere      Conjuration/Charms           5
Comestibles
 c - 2 bread rations
 f - a beef jerky
 k - a royal jelly
 s - a chunk of flesh


   Skills:
 - Level 2.4 Dodging
 - Level 2.4 Stealth
 - Level 3.0 Spellcasting
 + Level 6.5 Conjurations


You had 8 spell levels left.
You knew the following spells:

 Your Spells              Type           Power        Failure   Level  Hunger
a - Magic Dart            Conj           ####         1%          1    None


Dungeon Overview and Level Annotations

Branches:
Dungeon (3/15)

Altars:

Annotations:
D:2 Robin


Message History

Aiming: Magic Dart
Press: ? - help, Shift-Dir - straight line, f/p - orc wizard
Aim: an orc wizard, wielding a dagger and wearing a robe (heavily wounded, fast)
The magic dart hits the orc wizard.
The orc wizard is severely wounded.
The orc wizard points at you and mumbles some strange words.
The magic dart hits you! The orc wizard hits you with a dagger.
The orc wizard hits you with a dagger. x2
* * * LOW HITPOINT WARNING * * *
The orc wizard barely misses you.
Casting: Magic Dart
Confirm with . or Enter, or press ? or * to list all spells.
Aiming: Magic Dart
Press: ? - help, Shift-Dir - straight line, f/p - orc wizard
Aim: an orc wizard, wielding a dagger and wearing a robe (severely wounded, fast)
The magic dart hits the orc wizard.
The orc wizard is severely wounded.
The orc wizard casts a spell at you. The magic dart hits you!
You die...

#.. .....o. #..
....... #..#
....... #...
####.......
#...##.<#..)....
#...#...#.).....
+#...#@.##.).....
###....o###........
............#.#####
.....⌠........#
.......[......#
###.....#####.#
.'#...#..## .#
...#...#...# <. >.
#...##.># ##


You could see an orc wizard.

Vanquished Creatures
  An orc priest (D:3)
  An adder (D:2)
  2 worms (D:2)
  A giant gecko (D:3)
  3 orcs (D:3)
  4 bats
  4 giant cockroaches (D:1)
  4 hobgoblins
  A quokka (D:2)
  2 giant newts
  9 goblins
  4 jackals (D:1)
  6 kobolds
  5 rats
  A plant (D:1)
48 creatures vanquished.

Notes
Turn   | Place    | Note
--------------------------------------------------------------
     0 | D:1      | radek the Deep Elf Conjurer began the quest for the Orb.
     0 | D:1      | Reached XP level 1. HP: 10/10 MP: 6/6
   303 | D:1      | Reached XP level 2. HP: 15/15 MP: 4/8
   472 | D:1      | Reached skill level 5 in Conjurations
  1085 | D:2      | Noticed Robin
  1571 | D:1      | Reached XP level 3. HP: 7/19 MP: 6/9
  2297 | D:3      | Reached skill level 6 in Conjurations
  2398 | D:3      | Reached XP level 4. HP: 24/24 MP: 4/10
  2430 | D:3      | Killed from afar by an orc wizard

Vault maps used:
D:1:      roderic_crop_circles_arrival_small
D:2:      grunt_temple_overflow_holy_war, uniq_robin
D:3:      grunt_temple_overflow_open, grunt_ministairs_6, nrook_uturn,
          minmay_misc_feat_plants, kennysheep_generic_room_16

Action                   |  1- 3 |  4- 6 || total
-------------------------+-------+-------++-------
Melee: Unarmed           |     1 |       ||     1
       Dagger            |   112 |       ||   112
 Cast: Magic Dart        |    98 |     8 ||   106
  Eat: Chunk             |     3 |       ||     3
       Pizza             |     1 |       ||     1
